 Dungeon Crawl Stone Soup version 0.17.1-3-g152610e (webtiles) character file.

1977 moxian the Archer (level 9, 0/62 HPs)
             Began as a High Elf Hunter on Apr 17, 2016.
             Was an Initiate of the Shining One.
             Slain by an iguana (11 damage)
             ... on level 6 of the Dungeon.
             The game lasted 00:34:57 (7796 turns).

moxian the Archer (High Elf Hunter)                 Turns: 7796, Time: 00:34:57

Health: 0/62       AC:  7    Str: 11    XL:     9   Next: 0%
Magic:  10/10      EV: 15    Int: 16    God:    the Shining One [......]
Gold:   280        SH:  0    Dex: 17    Spells: 0 memorised, 8 levels left

rFire  . . .     SeeInvis .     b - +1 shortbow
rCold  . . .     Clarity  .     c - +0 leather armour
rNeg   . . .     SustAt   .     (shield currently unavailable)
rPois  .         Gourm    .     (no helmet)
rElec  .         Spirit   .     y - +0 cloak
rCorr  .         Warding  .     (no gloves)
rMut   .         Stasis   .     (no boots)
MR     .....                    (no amulet)
Stlth  ++........               I - -2 ring of strength (curse)
                                d - +3 ring of protection

@: not resistant to hostile enchantments, unstealthy
A: no striking features
a: Renounce Religion


You were on level 6 of the Dungeon.
You worshipped the Shining One.
The Shining One was noncommittal.
You were not hungry.

You visited 2 branches of the dungeon, and saw 7 of its levels.

You collected 280 gold pieces.

Inventory:

Hand Weapons
 a - a +0 short sword
 b - a +1 shortbow (weapon)
 q - a +2 quarterstaff of chaos
 w - a +2 dagger of venom
Missiles
 e - 80 arrows (quivered)
 g - 16 sling bullets of frost
 k - 166 stones
 u - 70 bolts
 z - 3 javelins
 F - 11 tomahawks
 M - 9 arrows of frost
 P - an arrow of dispersal
Armour
 c - a +0 leather armour (worn)
 y - a +0 cloak (worn)
Jewellery
 d - a +3 ring of protection (left hand)
 I - a cursed -2 ring of strength (right hand)
 R - an uncursed amulet of resist mutation {unknown}
 X - an uncursed amulet of warding {unknown}
Wands
 m - a wand of frost (10)
 U - a wand of digging (12)
Scrolls
 f - a scroll of fog
 j - 3 scrolls of remove curse
 n - a scroll of immolation {unknown}
 r - 2 scrolls of enchant armour {unknown}
 x - a scroll of amnesia {unknown}
 B - a scroll of blinking {unknown}
 C - a scroll of fear {unknown}
 G - a scroll of enchant weapon {unknown}
 J - a scroll of random uselessness {unknown}
 N - a scroll of teleportation
 S - a scroll of identify
 T - a scroll of recharging {unknown}
Potions
 o - 4 potions of brilliance
 p - a potion of haste
 s - a potion of curing
 t - a potion of lignification
 v - a potion of poison {unknown}
 D - a potion of heal wounds {unknown}
 H - a potion of agility {unknown}
 K - a potion of might {unknown}
 O - 2 potions of cure mutation {unknown}
 Q - 2 potions of cancellation {unknown}
 W - a potion of experience {unknown}
Books
 V - a book of Debilitation

   Spells                             Type                      Level
   a - Corona                         Hexes                        1
   b - Slow                           Hexes                        2
   c - Gell's Gravitas                Hexes/Translocation          3
   d - Inner Flame                    Hexes/Fire                   3
   e - Cause Fear                     Hexes                        4
   f - Leda's Liquefaction            Hexes/Earth                  4
Comestibles
 h - 3 chunks of flesh
 i - 2 beef jerkies
 l - 3 bread rations
 A - 4 meat rations
 E - a slice of pizza
 L - a fruit


   Skills:
 + Level 5.8 Fighting
 + Level 7.4 Short Blades
 * Level 10.0 Bows
 + Level 5.9 Dodging
 - Level 1.1 Stealth


You had 8 spell levels left.
You didn't know any spells.

Dungeon Overview and Level Annotations

Branches:
Dungeon (6/15)             Temple (1/1) D:5

Altars:
Ashenzari
Cheibriados
Dithmenos
Elyvilon
Fedhas
Kikubaaqudgha
Makhleb
Nemelex Xobeh
Qazlal
Ru
Sif Muna
Trog
Vehumet
Xom
Yredelemnul
Zin
The Shining One


Message History

You shoot an arrow. The arrow hits the killer bee!
You kill the killer bee!
Your Bows skill increases to level 10!
You have reached level 9!
Your experience leads to an increase in your attributes!
Your base attributes are Str 12, Int 16, Dex 16.
Increase (S)trength, (I)ntelligence, or (D)exterity?
You feel stronger.
You feel agile.
The iguana hisses menacingly.
You feel sick.
You feel sick.
You feel sick.
Press: ? - help, v - describe, . - travel The floor.
You feel sick. The iguana misses you.
You feel sick.
You feel sick.
You are no longer poisoned.
The iguana bites you!
You die...

#....# ##########.#..#
..............#
##########....#.##
.............#.#
###.............# #
#.+.............# .#
#.#.#.............#
....#.#.#....l@.......###
#.........######..........
#...###.#.#######.########
#...###.#.........# .
#.......########### ##.#
........############...
##..................#########.#
##..................##........#
...>................#..#### #


You could see an iguana.

Vanquished Creatures
  Eustachio (D:5)
  2 sky beasts
  An ice beast (D:5)
  The ghost of Stendarr the Magician, an amateur TrFE (D:3)
  2 centaurs
  3 ogres
  2 giant frogs
  Blork the orc (D:4)
  2 scorpions
  4 killer bees (D:6)
  A crimson imp (D:4)
  2 orc priests
  Crazy Yiuf (D:2)
  A giant frog skeleton (D:4)
  A hound (D:4)
  4 orc wizards
  2 hound skeletons
  9 gnolls
  9 adders
  2 oozes
  2 adder skeletons
  A giant gecko (D:4)
  8 orcs
  6 bats
  6 giant cockroaches
  8 hobgoblins
  4 jackals (D:3)
  A giant gecko skeleton (D:4)
  5 giant newts
  12 goblins
  6 kobolds
  2 quokkas
  12 rats
124 creatures vanquished.

Notes
Turn   | Place    | Note
--------------------------------------------------------------
     0 | D:1      | moxian the High Elf Hunter began the quest for the Orb.
     0 | D:1      | Reached XP level 1. HP: 14/14 MP: 2/2
   192 | D:1      | Reached skill level 1 in Short Blades
   264 | D:1      | Reached XP level 2. HP: 13/19 MP: 3/3
   730 | D:1      | Reached XP level 3. HP: 6/25 MP: 4/4
  1503 | D:2      | Found a basalt altar of Yredelemnul.
  1717 | D:2      | Reached XP level 4. HP: 26/30 MP: 5/5
  2259 | D:2      | Noticed Crazy Yiuf
  2390 | D:2      | Killed Crazy Yiuf
  2793 | D:3      | Reached XP level 5. HP: 36/36 MP: 6/6
  2916 | D:3      | Reached skill level 6 in Bows
  3244 | D:3      | Noticed a giant frog
  3256 | D:3      | Killed a giant frog
  3256 | D:3      | Reached XP level 6. HP: 22/42 MP: 7/7
  3309 | D:3      | Noticed Stendarr's ghost (amateur TrFE)
  3862 | D:3      | Killed Stendarr's ghost
  4073 | D:3      | Found a bloodstained altar of Trog.
  4130 | D:4      | Noticed Blork the orc
  4172 | D:4      | Reached skill level 5 in Short Blades
  4344 | D:4      | Reached XP level 7. HP: 24/48 MP: 8/8
  5037 | D:4      | Killed Blork the orc
  5037 | D:4      | Reached skill level 7 in Bows
  5306 | D:4      | Found a deep blue altar of Sif Muna.
  5536 | D:5      | Entered Level 5 of the Dungeon
  5590 | D:5      | Reached skill level 8 in Bows
  5590 | D:5      | Reached XP level 8. HP: 3/54 MP: 9/9
  5925 | D:5      | Reached skill level 5 in Fighting
  6248 | D:5      | Reached skill level 5 in Dodging
  6708 | D:5      | Found a staircase to the Ecumenical Temple.
  6742 | D:5      | Reached skill level 9 in Bows
  6846 | D:5      | Found a glowing silver altar of Zin.
  6983 | D:5      | Noticed Eustachio
  7020 | Temple   | Entered the Ecumenical Temple
  7028 | Temple   | Became a worshipper of the Shining One
  7125 | D:5      | Found a sparkling altar of Nemelex Xobeh.
  7186 | D:5      | Killed Eustachio
  7487 | D:5      | Found a bloodstained altar of Trog.
  7491 | D:5      | Found a blossoming altar of Fedhas.
  7496 | D:5      | Found an ancient bone altar of Kikubaaqudgha.
  7581 | D:6      | Found a white marble altar of Elyvilon.
  7731 | D:6      | Reached skill level 10 in Bows
  7731 | D:6      | Reached XP level 9. HP: 4/62 MP: 10/10
  7732 | D:6      | HP: 3/62 [poisoned by a killer bee]
  7738 | D:6      | HP: 2/62 [poisoned by a killer bee]
  7746 | D:6      | HP: 2/62 [poisoned by a killer bee]
  7796 | D:6      | Slain by an iguana

Action                   |  1- 3 |  4- 6 |  7- 9 || total
-------------------------+-------+-------+-------++-------
Melee: Short sword       |    83 |     8 |    81 ||   172
       Dagger            |    38 |   128 |   127 ||   293
       Quarterstaff      |       |    17 |    22 ||    39
 Fire: Shortbow          |     4 |    28 |   103 ||   135
Throw: Stone             |       |     6 |     5 ||    11
  Use: Scroll            |     8 |     1 |     1 ||    10
       Potion            |       |       |     4 ||     4
 Stab: Sleeping          |     3 |     2 |       ||     5
  Eat: Chunk             |     3 |     2 |    12 ||    17
       Bread ration      |       |     1 |       ||     1
